 Dungeon Crawl Stone Soup version 0.21.0-26-g889b8f6 (webtiles) character file.

422 tidbits the Insei (level 6, -3/47 HPs)
             Began as a Gnoll Transmuter on Jan 28, 2018.
             Slain by a phantom (10 damage)
             ... on level 4 of the Dungeon.
             The game lasted 00:11:08 (1068 turns).

tidbits the Insei (Gnoll Transmuter)                Turns: 1068, Time: 00:11:08

Health: -3/47      AC:  2    Str: 15    XL:     6   Next: 95%
Magic:  3/14       EV: 30    Int: 22    God:
Gold:   141        SH:  0    Dex: 26    Spells: 9/15 levels left

rFire    . . .     SeeInvis +     - Unarmed
rCold    . . .     Gourm    .   (shield currently unavailable)
rNeg     . . .     Faith    .   (armour currently unavailable)
rPois    x         Spirit   .   (helmet currently unavailable)
rElec    .         Reflect  .   (cloak currently unavailable)
rCorr    .         Harm     .   (gloves currently unavailable)
MR       .....                  (boots currently unavailable)
Stlth    ++++......             (no amulet)
HPRegen  0.15/turn              f - ring of see invisible
MPRegen  0.14/turn              o - +5 ring of strength

@: brilliant, agile, spider-form (expiring), very slightly contaminated
A: tiny, distributed training, weak 1, strong nose
a: End Transformation


You were on level 4 of the Dungeon.
You were full.
You were a venomous arachnid creature.
You visited 1 branch of the dungeon, and saw 5 of its levels.

You collected 141 gold pieces.

Inventory:

Hand Weapons
 e - a +1 short sword
 q - a +0 whip of flaming
   (You found it on level 2 of the Dungeon)
Missiles
 a - 7 poisoned javelins (quivered)
 l - 3 tomahawks
 m - 38 arrows
 n - 22 stones
Armour
 b - a +0 robe (melded)
 p - a cursed +0 ring mail
 C - a +0 cloak (melded)
 E - a +0 helmet (melded)
Jewellery
 f - a ring of see invisible (left front leg)
   (You found it on level 1 of the Dungeon)
 o - a +5 ring of strength (right front leg)
   (You took it off a hobgoblin on level 3 of the Dungeon)
Scrolls
 g - a scroll of blinking
 h - 2 scrolls of enchant weapon
 i - 3 scrolls of identify
 j - 2 scrolls of remove curse
 k - a scroll of teleportation
Books
 c - a book of Changes

   Spells                             Type                      Level
   a - Beastly Appendage              Transmutation                1
   b - Sticks to Snakes               Transmutation                2
   c - Spider Form                    Transmutation/Poison         3
   d - Ice Form                       Ice/Transmutation            4
   e - Blade Hands                    Transmutation                5
Comestibles
 d - 4 rations


   Skills:
 + Level 3.3 Fighting
 + Level 2.1 Short Blades
 + Level 2.1 Long Blades
 + Level 2.1 Axes
 + Level 2.1 Maces & Flails
 + Level 2.1 Polearms
 + Level 2.1 Staves
 + Level 2.1 Slings
 + Level 2.1 Bows
 + Level 2.1 Crossbows
 + Level 2.1 Throwing
 + Level 2.1 Armour
 + Level 5.0 Dodging
 + Level 2.1 Stealth
 + Level 2.1 Shields
 + Level 6.9 Unarmed Combat
 + Level 5.4 Spellcasting
 + Level 1.7 Conjurations
 + Level 1.7 Hexes
 + Level 1.7 Charms
 + Level 1.7 Summonings
 + Level 1.7 Necromancy
 + Level 1.7 Translocations
 + Level 4.2 Transmutations
 + Level 1.7 Fire Magic
 + Level 1.7 Ice Magic
 + Level 1.7 Air Magic
 + Level 1.7 Earth Magic
 + Level 1.7 Poison Magic
 + Level 2.3 Invocations
 + Level 2.1 Evocations


You had 9 spell levels left.
You knew the following spells:

 Your Spells              Type           Power        Failure   Level  Hunger
e - Beastly Appendage     Tmut           #####.       1%          1    None
k - Sticks to Snakes      Tmut           #####...     1%          2    None
p - Spider Form           Tmut/Pois      ####......   2%          3    ##.....


Dungeon Overview and Level Annotations

Branches:
Dungeon (5/15)
 Temple: D:4-7

Altars:
Xom
Yredelemnul

Annotations:
D:4 Eustachio


Innate Abilities, Weirdness & Mutations

Your experience applies equally to all skills.
((You have very sharp teeth.))
Your uncanny sense of smell can sniff out nearby items.
((You have sharp fingernails.))
((You are partially covered in icy blue scales. (AC +2)))
You are weak. (Str -2)


Message History

Your ball python misses the white imp.
Your ball python bites the ufetubus but does no damage.
Your ball python constricts the ufetubus.
The ufetubus closely misses you. The ufetubus hits you.
* * * LOW HITPOINT WARNING * * *
Casting: Sticks to Snakes
Confirm with . or Enter, or press ? or * to list all spells.
You turn into a venomous arachnid creature.
Your +0 cloak melds into your body.
Your +0 helmet melds into your body.
Your +0 robe melds into your body.
Your ball python misses the white imp.
Your ball python grabs the white imp.
Your ball python constricts the white imp.
The white imp misses you.
Eustachio gestures wildly while chanting.
Eustachio blinks!
Your ball python barely misses Eustachio.
Your ball python constricts the ufetubus.
The ufetubus misses you. The ufetubus completely misses you.
You bite the ufetubus!
You kill the ufetubus!
Your ball python bites the white imp but does no damage.
Your ball python constricts the white imp.
Your ball python barely misses Eustachio.
Your ball python closely misses Eustachio.
Eustachio gestures wildly while chanting.
Eustachio blinks!
The white imp hits you.
* * * LOW HITPOINT WARNING * * *
The white imp freezes you.
* * * LOW HITPOINT WARNING * * *
Your ball python bites the white imp.
Your ball python constricts the white imp.
You bite the white imp!
The white imp is severely wounded.
Your ball python bites Eustachio.
Your ball python barely misses Eustachio.
Eustachio misses you.
The white imp hits you but does no damage.
Your ball python bites the white imp but does no damage.
Your ball python constricts the white imp.
You bite Eustachio!
Eustachio is moderately wounded.
Your ball python misses Eustachio.
Your ball python closely misses Eustachio.
The white imp completely misses you.
Eustachio casts a spell.
Your ball python bites the white imp but does no damage.
Your ball python constricts the white imp.
You aren't carrying any items that you can evoke.
Unknown command.
It was a potion of brilliance.
You feel clever all of a sudden.
Your ball python withers and dies!
The white imp hits you.
* * * LOW HITPOINT WARNING * * *
The white imp freezes you.
* * * LOW HITPOINT WARNING * * *
Eustachio barely misses you.
Your ball python bites the white imp.
Your ball python constricts the white imp.
Unknown command.
It was a potion of agility.
You feel agile all of a sudden.
Your ball python loses its grip on the white imp.
The white imp disappears in a puff of smoke!
The phantom misses your ball python. Eustachio closely misses you.
The shadow imp hits your ball python.
Unknown command.
You barely miss Eustachio.
Eustachio is moderately wounded.
Your ball python misses the shadow imp.
Your ball python grabs the shadow imp.
Your ball python constricts the shadow imp.
The phantom hits your ball python!
Your ball python dies!
Eustachio completely misses you.
You bite Eustachio!
Eustachio is severely wounded.
The quasit completely misses you. x2; The quasit misses you.
You hit Eustachio but do no damage.
Eustachio is severely wounded.
The quasit misses you. The quasit closely misses you. x2
The shadow imp completely misses you.
Eustachio drinks a potion.
Eustachio is healed!
The crimson imp laughs crazily.
The phantom closely misses you. The quasit barely misses you.
The quasit misses you. x2
You hit Eustachio.
Eustachio is poisoned.
Eustachio is heavily wounded.
Eustachio barely misses you. The shadow imp closely misses you.
The quasit closely misses you.
The quasit claws you but does no damage.
The quasit misses you. The phantom closely misses you.
You closely miss Eustachio.
Eustachio is heavily wounded.
Your transformation is almost over.
The shadow imp hits you.
* * * LOW HITPOINT WARNING * * *
Eustachio closely misses you. The quasit completely misses you. x3
You hit Eustachio but do no damage.
Eustachio is severely wounded.
The phantom hits you!
You die...

### ..# #.# #.# #.#
...####.#
.......W###########
W..####5s..........
#5@5....#####
##..####.#####
#.....##.#...
........#.#.#####
...................
...######.#.#.#######
... #.#.#.#...... ##
#.#.......######


You could see Eustachio, a phantom, a quasit, a crimson imp and a shadow imp.

Vanquished Creatures
  Grinder (D:3)
  An ogre (D:4)
  An orc priest (D:4)
  An iguana (D:5)
  2 orc wizards (D:3)
  A gnoll (D:4)
  4 adders
  2 oozes (D:3)
  2 worms (D:2)
  2 leopard geckos
  12 orcs
  2 giant cockroaches (D:1)
  6 hobgoblins
  3 kobolds
  A quokka (D:3)
  A ball python (D:3)
  5 bats
  3 frilled lizards
  A goblin (D:3)
  5 rats
56 creatures vanquished.

Vanquished Creatures (collateral kills)
  A bat (D:2)
  2 hobgoblins
  A frilled lizard (D:1)
4 creatures vanquished.

Vanquished Creatures (others)
  A draconian (D:1)
  An octopode (D:1)
  A gargoyle (D:1)
  An elf (D:1)
  A spriggan (D:1)
  2 vampires (D:1)
  A human (D:1)
  3 ogres (D:1)
  4 kobolds (D:1)
  8 tentacles (D:1)
23 creatures vanquished.

Grand Total: 83 creatures vanquished

Notes
Turn   | Place    | Note
-------+----------+-------------------------------------------
     0 | D:1      | tidbits the Gnoll Transmuter began the quest for the Orb.
     0 | D:1      | Reached XP level 1. HP: 17/17 MP: 6/6
     2 | D:1      | Noticed a gargoyle
     2 | D:1      | Noticed an ogre
     2 | D:1      | Noticed an ogre
     2 | D:1      | Noticed a spriggan
     2 | D:1      | Noticed a draconian
     2 | D:1      | Noticed a kraken
     2 | D:1      | Noticed a vampire
     2 | D:1      | Noticed a vampire
     2 | D:1      | Noticed an elf
     2 | D:1      | Noticed a human
     2 | D:1      | Noticed an octopode
     2 | D:1      | Noticed an ogre
     3 | D:1      | Killed a spriggan
     3 | D:1      | Killed an ogre
     5 | D:1      | Killed a gargoyle
    21 | D:2      | Reached XP level 2. HP: 21/23 MP: 5/7
    29 | D:2      | Learned a level 2 spell: Sticks to Snakes
    59 | D:1      | Killed an octopode
    82 | D:2      | Found a basalt altar of Yredelemnul.
   108 | D:2      | Reached XP level 3. HP: 28/28 MP: 7/9
   113 | D:2      | Learned a level 3 spell: Spider Form
   131 | D:1      | Killed an ogre
   134 | D:1      | Reached skill level 5 in Spellcasting
   135 | D:1      | Killed a vampire
   143 | D:1      | Killed an elf
   145 | D:1      | Killed a human
   149 | D:1      | Killed a vampire
   150 | D:1      | Killed a draconian
   151 | D:1      | Killed an ogre
   309 | D:2      | Found a shimmering altar of Xom.
   355 | D:2      | Reached skill level 1 in Invocations
   383 | D:3      | Reached skill level 1 in Short Blades
   383 | D:3      | Reached skill level 1 in Long Blades
   383 | D:3      | Reached skill level 1 in Axes
   383 | D:3      | Reached skill level 1 in Maces & Flails
   383 | D:3      | Reached skill level 1 in Polearms
   383 | D:3      | Reached skill level 1 in Staves
   383 | D:3      | Reached skill level 1 in Slings
   383 | D:3      | Reached skill level 1 in Bows
   383 | D:3      | Reached skill level 1 in Crossbows
   383 | D:3      | Reached skill level 1 in Throwing
   383 | D:3      | Reached skill level 1 in Armour
   383 | D:3      | Reached skill level 1 in Stealth
   383 | D:3      | Reached skill level 1 in Shields
   383 | D:3      | Reached skill level 1 in Evocations
   404 | D:3      | Reached XP level 4. HP: 28/34 MP: 7/11
   455 | D:3      | Noticed Grinder
   491 | D:3      | Killed Grinder
   491 | D:3      | Reached skill level 3 in Fighting
   491 | D:3      | Reached skill level 1 in Conjurations
   491 | D:3      | Reached skill level 1 in Hexes
   491 | D:3      | Reached skill level 1 in Charms
   491 | D:3      | Reached skill level 1 in Summonings
   491 | D:3      | Reached skill level 1 in Necromancy
   491 | D:3      | Reached skill level 1 in Translocations
   491 | D:3      | Reached skill level 4 in Transmutations
   491 | D:3      | Reached skill level 1 in Fire Magic
   491 | D:3      | Reached skill level 1 in Ice Magic
   491 | D:3      | Reached skill level 1 in Air Magic
   491 | D:3      | Reached skill level 1 in Earth Magic
   491 | D:3      | Reached skill level 1 in Poison Magic
   491 | D:3      | Reached XP level 5. HP: 22/41 MP: 0/12
   622 | D:4      | Reached XP level 6. HP: 40/47 MP: 8/13
   627 | D:4      | Reached skill level 2 in Invocations
   645 | D:4      | Reached skill level 2 in Short Blades
   645 | D:4      | Reached skill level 2 in Long Blades
   645 | D:4      | Reached skill level 2 in Axes
   645 | D:4      | Reached skill level 2 in Maces & Flails
   645 | D:4      | Reached skill level 2 in Polearms
   645 | D:4      | Reached skill level 2 in Staves
   645 | D:4      | Reached skill level 2 in Slings
   645 | D:4      | Reached skill level 2 in Bows
   645 | D:4      | Reached skill level 2 in Crossbows
   645 | D:4      | Reached skill level 2 in Throwing
   645 | D:4      | Reached skill level 2 in Armour
   645 | D:4      | Reached skill level 5 in Dodging
   645 | D:4      | Reached skill level 2 in Stealth
   645 | D:4      | Reached skill level 2 in Shields
   645 | D:4      | Reached skill level 2 in Evocations
   676 | D:5      | Entered Level 5 of the Dungeon
   712 | D:3      | Gained mutation: You are partially covered in icy blue scales. (AC +2) [potion of mutation]
   712 | D:3      | Gained mutation: You are weak. (Str -2) [potion of mutation]
   712 | D:3      | Gained mutation: You have sharp fingernails. [potion of mutation]
  1034 | D:4      | Noticed Eustachio
  1039 | D:4      | Noticed a phantom
  1068 | D:4      | Slain by a phantom

Skill      XL: |  1  2  3  4  5  6 |
---------------+-------------------+-----
Spellcasting   | 5 |  5.4
Invocations    | 1 2 |  2.3
Short Blades   | 1 2 |  2.1
Long Blades    | 1 2 |  2.1
Axes           | 1 2 |  2.1
Maces & Flails | 1 2 |  2.1
Polearms       | 1 2 |  2.1
Staves         | 1 2 |  2.1
Slings         | 1 2 |  2.1
Bows           | 1 2 |  2.1
Crossbows      | 1 2 |  2.1
Throwing       | 1 2 |  2.1
Armour         | 1 2 |  2.1
Stealth        | 1 2 |  2.1
Shields        | 1 2 |  2.1
Evocations     | 1 2 |  2.1
Fighting       | 3 |  3.3
Conjurations   | 1 |  1.7
Hexes          | 1 |  1.7
Charms         | 1 |  1.7
Summonings     | 1 |  1.7
Necromancy     | 1 |  1.7
Translocations | 1 |  1.7
Transmutations | 4 |  4.2
Fire Magic     | 1 |  1.7
Ice Magic      | 1 |  1.7
Air Magic      | 1 |  1.7
Earth Magic    | 1 |  1.7
Poison Magic   | 1 |  1.7
Dodging        | 5 |  5.0
Unarmed Combat | |  6.9

Action                   |  1- 3 |  4- 6 || total
-------------------------+-------+-------++-------
Melee: Unarmed           |    58 |   102 ||   160
       Punch             |     1 |       ||     1
       Kick              |     3 |     3 ||     6
       Bite              |     3 |     2 ||     5
       Headbutt          |     5 |       ||     5
 Cast: Beastly Appendage |    10 |     3 ||    13
       Sticks to Snakes  |     4 |     9 ||    13
       Spider Form       |     1 |    12 ||    13
  Use: Potion            |     1 |     5 ||     6
       Scroll            |       |     4 ||     4
 Stab: Sleeping          |     1 |     3 ||     4
       Distracted        |       |     2 ||     2
  Eat: Ration            |     1 |     1 ||     2
Armor: Robe              |    11 |     2 ||    13
       Skin              |       |     4 ||     4
Dodge: Dodged            |    36 |    98 ||   134

Table legend:
 A = Turns spent in this place as a percentage of turns spent in the entire game.
 B = Non-inter-level travel turns spent in this place as a percentage of non-inter-level travel turns spent in the entire game.
 C = Inter-level travel turns spent in this place as a percentage of turns spent in this place.
 D = Turns resting spent in this place as a percentage of non-inter-level travel turns spent in this place.
 E = Turns spent auto-exploring this place as a percentage of non-inter-level travel turns spent in this place.
 F = Non-inter-level travel turns spent in this place divided by the number of levels of this place that you've seen.
                   A       B       C       D       E      F
               +-------+-------+-------+-------+-------+----------------------
         Total | 100.0 | 100.0 |   0.0 |   0.0 |   0.0 | 213.6
       Dungeon | 100.0 | 100.0 |   0.0 |   0.0 |   0.0 | 213.6
               +-------+-------+-------+-------+-------+----------------------

Table legend:
 A = Kills in this place as a percentage of kills in entire the game.
 B = Kills by you in this place as a percentage of kills by you in the entire game.
 C = Kills by friends in this place as a percentage of kills by friends in the entire game.
 D = Other kills in this place as a percentage of other kills in the entire game.
 E = Experience gained in this place as a percentage of experience gained in the entire game.
 F = Experience gained in this place divided by the number of levels of this place that you have seen.
                   A       B       C       D       E      F
               +-------+-------+-------+-------+-------+----------------------
         Total | 100.0 | 100.0 | 100.0 |   N/A | 100.0 | 120.8
       Dungeon | 100.0 | 100.0 | 100.0 |   N/A | 100.0 | 120.8
               +-------+-------+-------+-------+-------+----------------------

Vault maps used:
D:1:      nicolae_arrival_kraken_aquarium_b, minmay_lizard_pond
D:2:      lemuel_crystal_altar, first_ration, yredelemnul_altar_generic
D:3:      minmay_misc_feat_five, uniq_grinder
D:4:      uniq_eustachio, uniq_menkaure
D:5:      marbit_many_paths, minmay_temple_entry_from_below_a, led_xom_imps
